 Dungeon Crawl Stone Soup version 0.31-a0-1603-gbec6b6ccbf (webtiles) character file.

Game seed: 18230200845510551606

77 MisterAzrael the Trooper (level 4, -5/41 HPs)
             Began as a Hill Orc Fighter on Jan 7, 2024.
             Slain by a gnoll
             ... wielding a +0 halberd
              (9 damage)
             ... on level 2 of the Dungeon.
             The game lasted 00:01:12 (1239 turns).

MisterAzrael the Trooper (Hill Orc Fighter)         Turns: 1239, Time: 00:01:13

Health: -5/41      AC:  7    Str: 20    XL:     4   Next: 33%
Magic:  4/4        EV:  9    Int:  8    God:
Gold:   104        SH:  4    Dex: 10    Spells: 3/3 levels left

rFire   . . .        a - +0 war axe
rCold   . . .        c - +0 buckler
rNeg    . . .        b - +0 scale mail
rPois   .            (no helmet)
rElec   .            (no cloak)
rCorr   .            (no gloves)
SInv    .            (no boots)
Will    .....        (no amulet) Stlth
                     (no ring)
HPRegen 0.26/turn    (no ring)
MPRegen 0.09/turn

%: no passive effects
@: no status effects
A: no striking features
a: no special abilities


You were on level 2 of the Dungeon.
You visited 1 branch of the dungeon, and saw 2 of its levels.

You collected 104 gold pieces.

Inventory:

Hand Weapons
 a - a +0 war axe (weapon)
Armour
 b - a +0 scale mail (worn)
 c - a +0 buckler (worn)
Scrolls
 e - 3 scrolls of fog {unknown}
Potions
 d - a potion of might
 f - a potion of mutation {unknown}
 g - a potion of curing {unknown}


   Skills:
 * Level 4.7 Fighting
 + Level 3.6 Axes
 + Level 3.8 Armour
 + Level 3.8 Shields


You had 3 spell levels left.
You didn't know any spells.
Your spell library was empty.

Dungeon Overview and Level Annotations

Branches:
Dungeon (2/15)

Altars:


Message History

You hit the jackal.
The jackal is severely wounded.
You block the jackal's attack.
The jackal bites you but does no damage.
You block the gnoll's attack.
You slash the jackal!
You kill the jackal!
The gnoll barely misses you.
You hit the endoplasm.
You kill the endoplasm!
The gnoll barely misses you. x2
You have reached level 4!
You slash the gnoll!
The gnoll is almost dead.
The gnoll barely misses you. The gnoll closely misses you.
You slash the gnoll!
You kill the gnoll!
The gnoll closely misses you.
You hit the gnoll.
The gnoll is moderately wounded.
The gnoll hits you from afar with a +0 halberd!
The gnoll hits you with a +0 whip.
The gnoll hits you from afar with a +0 halberd!
* * * LOW HITPOINT WARNING * * *
You are too injured to fight recklessly!
You are too injured to fight recklessly!
You are too injured to fight recklessly!
You are too injured to fight recklessly!
You slash the gnoll!
You kill the gnoll!
The gnoll closely misses you.
You closely miss the frilled lizard. The gnoll hits you but does no damage.
The frilled lizard bites you but does no damage.
You block the frilled lizard's attack.
The gnoll hits you from afar with a +0 halberd!
* * * LOW HITPOINT WARNING * * *
You barely miss the frilled lizard.
The frilled lizard bites you but does no damage.
The gnoll hits you from afar with a +0 halberd!
You die...

#. ... #.##..
##..... .......
....... .....gg
......l########
#@......# #.......#
. #.......##.....
#.>...........
#.......##.......#
#.......# .... ..
##.......# #..# .#
#.....)### #..##.##
#.####.#####.......


You could see 2 gnolls and a frilled lizard.

Vanquished Creatures
  2 gnolls (D:2)
  An adder (D:2)
  A dart slug (D:2)
  A ribbon worm (D:2)
  3 ball pythons
  2 endoplasms
  A giant cockroach (D:1)
  6 goblins
  7 hobgoblins
  2 jackals (D:2)
  A quokka (D:2)
  4 bats (D:1)
  6 frilled lizards
  4 kobolds
  2 rats (D:1)
43 creatures vanquished.

Notes
Turn   | Place    | Note
-------+----------+-------------------------------------------
     0 | D:1      | MisterAzrael the Hill Orc Fighter began the quest for the
                  | Orb.
     0 | D:1      | Reached XP level 1. HP: 19/19 MP: 1/1
   263 | D:1      | Reached XP level 2. HP: 15/27 MP: 2/2
   348 | D:1      | Reached skill level 4 in Fighting
   649 | D:1      | Reached XP level 3. HP: 33/33 MP: 3/3
  1234 | D:2      | Reached XP level 4. HP: 32/41 MP: 4/4
  1239 | D:2      | Slain by a gnoll

Illustrated notes

Levels and vault maps discovered:
D:1:      lightli_molten_gateway, layout_basic, grunt_decor_arrowhead,
          minmay_cut_off
D:2:      layout_loops_cross

Skill      XL: |  1  2 |
---------------+-------+-----
Fighting       | 4 |  4.7
Axes           | 3 |  3.6
Armour         | |  3.8
Shields        | |  3.8

Action                     |  1- 3 |  4- 6 || total
---------------------------+-------+-------++-------
  Melee: War axe           |   107 |     6 ||   113
 Armour: Scale mail        |    78 |     8 ||    86
  Dodge: Dodged            |    56 |     4 ||    60
  Block: Buckler           |    39 |     1 ||    40

Table legend: (Time is in decaauts)
 A = Elapsed time spent in this place.
 B = Non-inter-level travel time spent in this place.
 C = Inter-level travel time spent in this place.
 D = Time resting spent in this place.
 E = Time spent auto-exploring this place.
 F = Levels seen in this place.
 G = Mean time per level.
                   A        B        C        D        E       F      G
               +--------+--------+--------+--------+--------+-----+--------+
         Total |   1280 |   1270 |     10 |    259 |    751 |   2 |  640.0 |
       Dungeon |   1280 |   1270 |     10 |    259 |    751 |   2 |  640.0 |
               +--------+--------+--------+--------+--------+-----+--------+

Top non-repeatable levels by time:
     D:1: 811 daAuts
     D:2: 468 daAuts
